 Dungeon Crawl Stone Soup version 0.31.0-11-ge490571c62 (webtiles) character file.

Game seed: 6185158599471027064

1416774 Gonzollydolly the Slayer (level 27, 305/305 HPs)
             Began as an Oni Alchemist on Jan 21, 2024.
             Was the Champion of Vehumet.
             Escaped with the Orb
             ... and 3 runes on Jan 26, 2024!
             The game lasted 10:19:30 (106224 turns).

Gonzollydolly the Slayer (Oni Alchemist)          Turns: 106224, Time: 10:19:30

Health: 305/305    AC: 22    Str: 26    XL:     27
Magic:  44/44      EV: 15    Int: 26    God:    Vehumet [******]
Gold:   5136       SH: 12    Dex:  9    Spells: 13/70 levels left

rFire   + + +        H - staff "Ihulauss" {Will+ Str+4 Conj}
rCold   + . .        z - +1 kite shield {rC+ rF+}
rNeg    + . .        o - +5 fire dragon scales
rPois   +            G - -2 hat of the Alchemist {rElec rPois rF+ rC+ rN+ Will+ rMut rCorr}
rElec   +            t - +2 cloak {rCorr}
rCorr   +            (gloves unavailable)
SInv    +            (boots unavailable)
Will    +++++        b - amulet of magic regeneration
Stlth   +            e - ring of see invisible
HPRegen 0.70/turn    Q - ring "Boystat" {rPois Will+ EV+5 Str+2}
MPRegen 0.69/turn

%: resist mutation
@: studying 2 skills
A: large, unfitting armour, horns 1, tough skin 1, double potion healing,
drunken brawling, talons 1, iridescent scales 1, deterioration 1, fire
resistance 1, low MP 1, shaggy fur 1, sturdy frame 1
0: Orb of Zot
}: 3/15 runes: barnacled, silver, gossamer
a: Renounce Religion


You escaped.
You worshipped Vehumet.
Vehumet was exalted by your worship.
You visited 11 branches of the dungeon, and saw 51 of its levels.
You visited 1 bazaar.
You also visited: Bailey, Gauntlet and Wizlab.

You collected 13569 gold pieces.
You spent 8433 gold pieces at shops.

Inventory:

Hand Weapons
 C - a +9 eveningstar of protection
 M - a +5 morningstar of holy wrath
Missiles
 R - 4 throwing nets (quivered)
 Y - 20 curare-tipped darts
Armour
 o - +5 fire dragon scales (worn)
 t - a +2 cloak of preservation (worn)
 w - a +2 hat of willpower
 z - a +1 kite shield of resistance (worn)
 E - quicksilver dragon scales
 G - the -2 hat of the Alchemist (worn) {rElec rPois rF+ rC+ rN+ Will+ rMut rCorr}
   (You found it on level 3 of the Vaults)

   rF+:       It protects you from fire.
   rC+:       It protects you from cold.
   rElec:     It insulates you from electricity.
   rPois:     It protects you from poison rN+: It protects you from negative
   energy.
   Will+:     It increases your willpower.
   rCorr:     It protects you from acid and corrosion.
   rMut:      It protects you from mutation.
Magical Staves
 H - the staff "Ihulauss" (weapon) {Will+ Str+4 Conj}
   (You found it on level 3 of the Elven Halls)

   [staff of conjuration]

   Base accuracy: +5 Base damage: 5 Base attack delay: 1.2 This weapon's minimum
   attack delay (0.6) is reached at skill level 12.
   Str+4:     It affects your strength (+4).
   Will+:     It increases your willpower.
   Conj:      It increases the power of your Conjurations spells.
   It falls into the 'Staves' category.
   It is a one-handed weapon.
Jewellery
 b - an amulet of magic regeneration (around neck)
 e - a ring of see invisible (left hand)
 i - a ring of willpower
 k - the ring of Knowledge {AC+4 Dex+4 Slay+2}
   (You took it off a vault guard on level 5 of the Vaults)

   [ring of protection]

   AC+4:      It affects your AC (+4).
   Dex+4:     It affects your dexterity (+4).
   Slay+2:    It affects your accuracy & damage with ranged weapons and melee
   (+2).
 l - a ring of protection from cold
 m - the ring of the Kappa {rF+ Dex+3}
   (You took it off a vampire mage on level 3 of the Crypt)

   [ring of protection from fire]

   Dex+3:     It affects your dexterity (+3).
   rF+:       It protects you from fire.
 v - a ring of the Octopus King {rN+ HP+2 AC+2 EV+2 SH+2}
   (You found it on level 2 of the Shoals)

   [ring of positive energy]

   AC+2:      It affects your AC (+2).
   EV+2:      It affects your evasion (+2).
   rN+:       It protects you from negative energy.
   HP+2:      It affects your health (+2).
   SH+2:      It affects your SH (+2).
 y - the ring "Safeca" {rElec rC+}
   (You found it in a bailey)

   [ring of protection from cold]

   rC+:       It protects you from cold.
   rElec:     It insulates you from electricity.
 B - an amulet of regeneration
 F - a ring of flight
 Q - the ring "Boystat" (right hand) {rPois Will+ EV+5 Str+2}
   (You took it off a deep elf annihilator on level 3 of the Elven Halls)

   [ring of evasion]

   EV+5:      It affects your evasion (+5).
   Str+2:     It affects your strength (+2).
   rPois:     It protects you from poison Will+: It increases your willpower.
Wands
 x - a wand of charming (59)
 A - a wand of iceblast (16)
 I - a wand of quicksilver (2)
 N - a wand of mindburst (51)
 U - a wand of polymorph (17)
 V - a wand of digging (2)
Scrolls
 c - 8 scrolls of fear
 d - 7 scrolls of revelation
 s - 22 scrolls of teleportation
 K - 8 scrolls of vulnerability
 S - 4 scrolls of butterflies
 T - 7 scrolls of blinking
 W - 10 scrolls of fog
Potions
 a - 4 potions of might
 f - 4 potions of brilliance
 g - a potion of magic
 h - 5 potions of resistance
 j - 5 potions of haste
 u - 18 potions of ambrosia
 J - 17 potions of curing
 L - 13 potions of mutation
 O - 2 potions of cancellation
 P - 5 potions of heal wounds
 X - 8 potions of enlightenment
 Z - 4 potions of invisibility
Miscellaneous
 n - a sack of spiders
 p - a condenser vane
 q - a phantom mirror
 r - a lightning rod (3/4)
 D - a phial of floods


   Skills:
 + Level 23.0 Fighting
 - Level 1.1 Short Blades
 - Level 15.6(16.0) Maces & Flails
 - Level 6.4(12.0) Staves
 - Level 11.0 Armour
 - Level 10.0 Dodging
 - Level 11.3 Stealth
 - Level 12.0 Shields
 + Level 22.4 Spellcasting
 - Level 20.6 Conjurations
 - Level 6.0 Translocations
 - Level 12.0 Fire Magic
 - Level 7.9 Air Magic
 - Level 17.5 Earth Magic
 - Level 9.7 Alchemy
 - Level 13.1 Evocations


You had 13 spell levels left.
You knew the following spells:

 Your Spells              Type           Power      Damage    Failure   Level
a - Fireball              Conj/Fire      53%        3d21      1%          5
b - Freezing Cloud        Conj/Ice/Air   43%        6-21      1%          5
c - Mephitic Cloud        Conj/Alch/Air  97%        N/A       1%          3
d - Starburst             Conj/Fire      53%        6d14      1%          6
e - Lehudib's Crystal Sp  Conj/Erth      56%        10d13     2%          8
f - Sticky Flame          Fire/Alch      72%        2d12      1%          4
g - Fulminant Prism       Conj/Alch      52%        3d23      1%          4
j - Irradiate             Conj/Alch      52%        3d29      1%          5
k - Bombard               Conj/Erth      56%        9d9       1%          6
l - Orb of Destruction    Conj           58%        9d14      1%          7
m - Iskenderun's Mystic   Conj/Tloc      99%        2d19      1%          4

Your spell library contained the following spells:

 Spells                   Type           Power      Damage    Failure   Level
 Shatter                  Erth           44%        3d34*     52%         9
 Chain Lightning          Conj/Air       50%        3d67      91%         9
 Polar Vortex             Ice            14%        12d1*     100%        9
 Foxfire                  Conj/Fire      100%       2x1d9     0%          1
 Magic Dart               Conj           100%       1d8       0%          1
 Sting                    Conj/Alch      100%       1d9       0%          1
 Momentum Strike          Conj/Tloc      100%       3d10      0%          2
 Searing Ray              Conj           100%       2d8       0%          2
 Static Discharge         Conj/Air       100%       3-8/arc   0%          2
 Stone Arrow              Conj/Erth      100%       3d13      0%          3
 Brom's Barrelling Bould  Conj/Erth      100%       2d11      0%          4
 Iskenderun's Battlesphe  Conj           100%       2d15      0%          5
 Freeze                   Ice            100%       1d10      1%          1
 Cigotuvi's Dreadful Rot  Necr/Alch/Air  100%       N/A       1%          2
 Mercury Vapours          Alch/Air       100%       N/A       1%          2
 Scorch                   Fire           100%       2d9       1%          2
 Dazzling Flash           Conj/Hex       100%       N/A       1%          3
 Hailstorm                Conj/Ice       90%        3d15      1%          3
 Inner Flame              Hex/Fire       57%        N/A       1%          3
 Swiftness                Air            63%        N/A       1%          3
 Volatile Blastmotes      Fire/Tloc      100%       2d18      1%          3
 Airstrike                Air            31%        2d(5-21)  1%          4
 Animate Armour           Summ/Erth      100%       N/A       1%          4
 Flame Wave               Conj/Fire      100%       2d21      1%          4
 Ignite Poison            Fire/Alch      72%        N/A       1%          4
 Leda's Liquefaction      Alch/Erth      39%        N/A       1%          4
 Olgreb's Toxic Radiance  Alch           68%        N/A       1%          4
 Alistair's Intoxication  Alch           45%        N/A       1%          5
 Arcjolt                  Conj/Air       50%        1d60      1%          5
 Lee's Rapid Deconstruct  Erth           44%        3d21*     1%          5
 Conjure Ball Lightning   Conj/Air       50%        3x3d17    1%          6
 Borgnjor's Vile Clutch   Necr/Erth      33%        N/A       2%          5
 Eringya's Noxious Bog    Alch           34%        4d6       2%          6
 Plasma Beam              Fire/Air       34%        2x1d47    2%          6
 Necrotise                Necr           100%       1d9       3%          1
 Summon Small Mammal      Summ           100%       N/A       3%          1
 Frozen Ramparts          Ice            58%        1d9       3%          3
 Manifold Assault         Tloc           57%        N/A       3%          4
 Passage of Golubria      Tloc           57%        N/A       3%          4
 Summon Blazeheart Golem  Fire/Summ      57%        N/A       3%          4
 Yara's Violent Unravell  Hex/Alch       26%        3d11      3%          5
 Call Imp                 Summ           58%        N/A       5%          2
 Ensorcelled Hibernation  Hex/Ice        58%        N/A       5%          2
 Jinxbite                 Hex            58%        N/A       5%          2
 Summon Lightning Spire   Summ/Air       49%        N/A       7%          4
 Dimensional Bullseye     Hex/Tloc       22%        N/A       10%         4
 Call Canine Familiar     Summ           29%        N/A       11%         3
 Fugue of the Fallen      Necr           29%        N/A       11%         3
 Ozocubu's Armour         Ice            29%        N/A       11%         3
 Sigil of Binding         Hex            29%        N/A       11%         3
 Summon Ice Beast         Ice/Summ       29%        N/A       11%         3
 Tukima's Dance           Hex            29%        N/A       11%         3
 Vampiric Draining        Necr           29%        2d8       11%         3
 Spellforged Servitor     Conj/Summ      45%        N/A       11%         7
 Silence                  Hex/Air        24%        N/A       19%         5
 Summon Forest            Summ/Tloc      22%        N/A       28%         5
 Anguish                  Hex/Necr       14%        N/A       34%         4
 Cause Fear               Hex            14%        N/A       34%         4
 Martyr's Knell           Necr/Summ      29%        N/A       34%         4
 Ignition                 Fire           37%        3d11      38%         8
 Dispersal                Tloc           28%        N/A       41%         6
 Sculpt Simulacrum        Ice/Alch       26%        N/A       58%         6
 Curse of Agony           Necr           29%        N/A       67%         5
 Metabolic Englaciation   Hex/Ice        14%        N/A       67%         5
 Summon Mana Viper        Hex/Summ       29%        N/A       67%         5
 Maxwell's Capacitive Co  Air            31%        ∞         88%         8
 Death Channel            Necr           14%        N/A       99%         6
 Summon Cactus Giant      Summ           14%        N/A       99%         6
 Ozocubu's Refrigeration  Ice            14%        4d10      99%         7
 Enfeeble                 Hex            14%        N/A       100%        7
 Haunt                    Necr/Summ      14%        N/A       100%        7
 Malign Gateway           Summ/Tloc      22%        N/A       100%        7
 Monstrous Menagerie      Summ           14%        N/A       100%        7
 Summon Hydra             Summ           14%        N/A       100%        7
 Borgnjor's Revivificati  Necr           14%        N/A       100%        8
 Discord                  Hex            14%        N/A       100%        8
 Disjunction              Tloc           28%        N/A       100%        8
 Summon Horrible Things   Summ           14%        N/A       100%        8
 Death's Door             Necr           14%        N/A       100%        9
 Dragon's Call            Summ           14%        N/A       100%        9


Dungeon Overview and Level Annotations

Branches:
Dungeon (15/15)            Temple (1/1) D:6            Lair (5/5) D:11
 Shoals (4/4) Lair:3       Spider (4/4) Lair:3        Slime (0/5) Lair:5
    Orc (2/2) D:9             Elf (3/3) Orc:2        Vaults (5/5) D:14
  Crypt (3/3) Vaults:3       Tomb (0/3) Crypt:3      Depths (4/4) D:15
    Zot (5/5) Depths:4     Bailey (visited)          WizLab (visited)
Gauntlet (visited)

Altars:
Ashenzari
Cheibriados
Dithmenos
Elyvilon
Fedhas
Gozag
Hepliaklqana
Kikubaaqudgha
Makhleb
Nemelex Xobeh
Okawaru
Qazlal
Ru
Sif Muna
Trog
Uskayaw
Vehumet
Wu Jian
Xom
Yredelemnul
Zin
The Shining One

Shops:
D:7 (   D:9 (   D:12 :   Orc:2 :[(=(   Elf:1 =*![*   Elf:3 *   Shoals:2 *(
Vaults:4 *   Depths:3 =

Portals:
Hell: Depths:1 Depths:2 Depths:3 Depths:4
Abyss: Depths:2 Depths:3 Depths:4
Pandemonium: Depths:1 Depths:2 Depths:4
Ziggurat: Depths:2

Annotations:
Temple 2 transporters
Lair:5 exclusion: obsidian statue
Spider:1 Roxanne
Elf:2 3 runed translucent doors


Innate Abilities, Weirdness & Mutations

You are too large for most types of armour.
You have a pair of small horns on your head.
You have tough skin. (AC +1)
You gain doubled healing and magic from potions.
Whenever you drink a healing potion, you attack all around you.
You have sharp toenails.
You are partially covered in iridescent scales. (AC +2)
Your body sometimes deteriorates upon taking damage.
Your flesh is heat resistant. (rF+)
Your magical capacity is low. (-10% MP)
You are covered in fur. (AC +1)
Your movements are slightly less encumbered by armour. (ER -2)


Message History

Unknown command.
You barely miss the Orb Guardian. Your headbutt misses the Orb Guardian.
You block the Orb Guardian's attack.
Unknown command.
You hit the Orb Guardian but do no damage.
Your kick misses the Orb Guardian.
You headbutt the Orb Guardian, but do no damage.
Taekes blinks!
The Orb Guardian completely misses you.
Unknown command.
Casting: Lehudib's Crystal Spear (mildly dangerous; 2% risk of failure)
Confirm with . or Enter, or press ? or * to list all spells.
You feel a surge of power!
You erupt in a blast of force!
The mystic blast hits the large abomination but does no damage.
The mystic blast hits the sun demon!!
The sun demon is moderately wounded.
The sun demon is knocked back by the mystic blast.
The mystic blast hits the Orb Guardian!
The Orb Guardian is lightly wounded.
The Orb Guardian is knocked back by the mystic blast.
Unknown command.
Casting: Iskenderun's Mystic Blast (safe; 1% risk of failure)
Confirm with . or Enter, or press ? or * to list all spells.
You feel a surge of power!
You erupt in a blast of force!
The mystic blast hits the large abomination!!
The large abomination is heavily damaged.
The large abomination is knocked back by the mystic blast.
The large abomination collides with the sun demon!
The sun demon is heavily wounded.
The mystic blast hits the Orb Guardian!
The Orb Guardian is moderately wounded.
The Orb Guardian is knocked back by the mystic blast.
Taekes gestures at you.
The spray of metal splinters misses you.
Your surroundings suddenly seem different.
You open the large door.
There is a large open door here.
You enter the shallow water.
You enter the shallow water.
There is a staircase leading out of the dungeon here.
You have escaped!

##...##.........#.#.#.#.#......#.
...#....................#.######.
#..........##########...#.# #.
#.........##~~~~~~~~.8....######.
#.......###~~.....~~~.#.........>
........###~..~~~..~~.#.#.######.
..........#..~~~~~..~.#.#.# #.
...##.....#.~~...~~.~.+.#.# #.
...##.....'.~..~@~..~.+.#.# #.
........#.'.~.~~...~~.#...# #.
........###.~..~~~~~..##########.
........# #.~~..~~~..~# ##.....
........###.~~~.....~~# #..####
.#......#..8.~~~~~~~~## ###.##
.#......#.#.########### #...#
.#....).#.#.#####.....# #.###
.#..........##........# #.#


There were no monsters in sight!

Vanquished Creatures
  4 dread liches
  8 orbs of fire
  Mennas (Depths:4)
  Mara (Depths:1)
  Bai Suzhen (Depths:1)
  A royal mummy (Crypt:3)
  Parghit (Depths:4)
  Vv (Crypt:1)
  6 Killer Klowns (Zot:5)
  Saint Roka (Crypt:2)
  A curse toe (Zot:3)
  8 golden dragons
  Nikola (Depths:1)
  Norris (Vaults:3)
  5 bone dragons
  18 tentacled monstrosities
  A Brimstone Fiend (Zot:3)
  A Tzitzimitl (D:9)
  4 electric golems
  2 Ice Fiends
  24 Orb Guardians
  A moon troll (WizLab)
  8 liches
  3 deep elf master archers (Elf:3)
  Gastronok (Lair:2)
  2 deep elf blademasters (Elf:3)
  3 sphinxes
  7 titans (Vaults:5)
  7 tentacled starspawn (WizLab)
  7 quicksilver dragons
  10 death cobs
  10 ancient champions
  3 krakens (Shoals:2)
  An Executioner (D:15)
  9 shadow dragons
  5 tengu reavers
  13 storm dragons
  Donald (Elf:2)
  7 fire giants
  Aizul (Shoals:3)
  Ilsuiw (Shoals:3)
  2 revenants
  5 draconian monks
  9 draconian knights
  5 draconian shifters
  5 protean progenitors
  16 vault wardens
  6 deep elf sorcerers
  The ghost of Glennnyy the Warrior, an adept GrFi of Fedhas (Shoals:2)
  8 frost giants
  A deep elf elementalist (Elf:3)
  2 draconian scorchers
  2 iron dragons
  10 draconian stormcallers
  A balrug (Depths:1)
  8 ghost moths
  2 emperor scorpions (Spider:4)
  5 cacodemons
  4 ghouls
  2 reapers (Depths:3)
  17 ironbound preservers
  7 draconian annihilators
  5 ironbound thunderhulks
  4 orc warlords
  20 stone giants
  Nessos (D:14)
  16 very ugly things
  9 deep elf demonologists
  9 green draconians
  12 black draconians
  5 broodmothers
  5 war gargoyles
  10 vampire knights
  A minotaur (Gauntlet)
  8 deep elf death magi
  27 dire elephants
  17 purple draconians
  6 deep elf annihilators
  10 white draconians
  8 yellow draconians
  Azrael (Spider:1)
  14 red draconians
  3 eidola
  A spark wasp (Spider:3)
  13 ettins
  2 crystal guardians (WizLab)
  2 spectral pearl dragons (Depths:3)
  A blizzard demon (Gauntlet)
  2 mummy priests (Depths:3)
  Josephine (D:13)
  15 jiangshi
  10 merfolk impalers
  10 deep elf high priests
  23 yaktaur captains
  11 merfolk javelineers
  6 entropy weavers
  9 fire dragons
  A rakshasa (Depths:3)
  3 peacekeepers
  11 ice dragons
  10 great orbs of eyes
  30 vault guards
  Harold (D:9)
  4 hydras
  8 boulder beetles
  3 catoblepae
  8 ironbound frosthearts
  A sphinx zombie (Crypt:2)
  3 merfolk aquamancers
  A merfolk avatar (Shoals:4)
  4 radroaches
  14 centaur warriors
  3 alligator snapping turtles
  An ogre mage (Vaults:5)
  3 jorogumos
  10 two-headed ogres
  4 death knights
  3 anacondas (shapeshifter)
  3 satyrs
  A sphinx skeleton (D:15)
  3 occultists
  8 demonic crawlers
  4 tengu warriors
  19 death yaks
  13 deep troll earth magi
  13 dancing weapons
  A shock serpent (shapeshifter) (Vaults:5)
  An orc high priest (Orc:2)
  8 deep troll shamans
  7 deep elf knights
  4 hell knights (Depths:4)
  3 soul eaters
  Sonja (D:12)
  8 vampire magi
  6 iron trolls
  3 sun demons
  2 skysharks (shapeshifter) (Depths:3)
  6 skysharks
  2 storm dragon zombies
  A shining eye (shapeshifter) (Vaults:5)
  24 skeletal warriors
  A sea snake (shapeshifter) (Elf:3)
  2 shadow wraiths
  6 pharaoh ants
  A storm dragon skeleton (Crypt:3)
  A spectral anaconda (Lair:5)
  An orb spider (shapeshifter) (Depths:3)
  A quicksilver dragon simulacrum (Crypt:3)
  12 glowing orange brains
  An orange crystal statue (WizLab)
  67 deep trolls
  2 shadow demons
  A swamp dragon (shapeshifter) (Vaults:5)
  10 orb spiders
  3 sun moths
  Lodul (D:13)
  4 flayed ghosts
  17 sea snakes
  6 arcanists
  12 phantasmal warriors
  18 lindwurms
  18 deep elf pyromancers
  8 necromancers
  7 steelbarb worms
  10 deep elf archers
  26 ironbound convokers
  16 orc knights
  26 wolf spiders
  A shadow dragon skeleton (Crypt:1)
  2 starcursed masses (WizLab)
  18 deep elf zephyrmancers
  15 harpies
  Maurice (Orc:2)
  9 fauns
  3 orc sorcerers
  A shining eye (Zot:3)
  A stone giant zombie (Crypt:1)
  43 ugly things
  7 cyclopes
  17 manticores
  An iron dragon zombie (Crypt:2)
  35 moths of wrath
  4 kobold blastminers (Orc:2)
  4 meliai
  2 meliai (shapeshifter)
  6 water nymphs
  2 apocalypse crabs (Shoals:2)
  13 elephants
  A dire elephant zombie (Crypt:3)
  9 merfolk sirens
  A water nymph (shapeshifter) (Depths:3)
  An ice statue (Gauntlet)
  6 black mambas
  4 eyes of devastation (WizLab)
  11 cane toads
  A dire elephant skeleton (Crypt:3)
  8 torpor snails
  18 vault sentinels
  4 gargoyles
  Maggie (D:6)
  An unseen horror (D:12)
  An unseen horror (shapeshifter) (D:15)
  A rime drake (shapeshifter) (Depths:3)
  A grey draconian zombie (Crypt:1)
  2 efreet
  A centaur skeleton (Crypt:3)
  A tormentor (D:9)
  7 freezing wraiths
  An alligator snapping turtle skeleton (Crypt:2)
  A kobold demonologist (D:12)
  11 komodo dragons
  38 yaktaurs
  A purple draconian zombie (Crypt:3)
  7 rime drakes
  An ice devil (Gauntlet)
  2 tyrant leeches (Zot:3)
  3 green draconian skeletons
  A spectral glowing shapeshifter (Depths:3)
  2 minotaur skeletons
  7 guardian mummies
  4 polar bears
  7 trolls
  A queen bee (Lair:2)
  8 saltlings (Orc:2)
  A hornet (D:10)
  Prince Ribbit (D:6)
  4 wind drakes
  36 blink frogs
  36 merfolk
  5 glass eyes
  A harpy skeleton (Crypt:3)
  32 tarantellas
  A hydra skeleton (Crypt:3)
  A snapping turtle (shapeshifter) (Depths:3)
  8 snapping turtles
  A fire dragon zombie (Crypt:2)
  4 dream sheep (Shoals:2)
  A spriggan zombie (D:15)
  4 shadows
  56 slime creatures
  3 spriggan skeletons
  25 jumping spiders
  A satyr skeleton (Crypt:1)
  6 wyverns
  3 air elementals
  29 culicivoras
  A spriggan (shapeshifter) (Elf:2)
  15 water elementals
  52 yaks
  Eustachio (D:4)
  A vampire (Crypt:3)
  9 wraiths
  3 humans
  3 golden eyes (Zot:3)
  A redback (shapeshifter) (Depths:3)
  5 basilisks
  3 fire elementals
  4 steam dragons
  7 wargs
  A wind drake skeleton (Crypt:1)
  2 neqoxecs (WizLab)
  62 redbacks
  15 vampire mosquitoes
  5 death yak simulacra (Lair:5)
  A faun zombie (Crypt:1)
  2 spectral cane toads (Lair:5)
  2 naga zombies
  5 acid dragons
  A fire bat skeleton (Crypt:1)
  14 water moccasins
  6 hell hounds (Spider:1)
  An ice beast (D:5)
  38 orc warriors
  3 black bears
  16 laughing skulls
  A black bear (shapeshifter) (D:13)
  14 ogres
  A boggart (D:12)
  16 wolves
  An elephant zombie (Lair:5)
  A rime drake zombie (Crypt:2)
  3 elephant skeletons (Lair:5)
  A phantom (D:5)
  10 centaurs
  Blork the orc (D:6)
  3 necrophages (Crypt:3)
  13 bullfrogs
  3 kobold brigands
  An elf skeleton (Crypt:3)
  3 gnoll sergeants
  A naga simulacrum (Crypt:3)
  An entropy weaver simulacrum (Lair:3)
  3 scorpions
  2 cane toad simulacra
  3 glowing shapeshifter simulacra (Depths:3)
  16 wights
  A komodo dragon skeleton (Crypt:2)
  21 killer bees
  An elephant simulacrum (Lair:3)
  3 electric eels
  3 howler monkeys (D:8)
  6 crimson imps (D:7)
  5 jellies
  3 hounds
  A bombardier beetle (D:4)
  19 orc priests
  4 sleepcaps
  A gnoll bouda (D:7)
  4 iguanas
  30 orc wizards
  A spriggan simulacrum (Lair:3)
  2 troll simulacra (Lair:3)
  12 mummies (Crypt:3)
  Robin (D:3)
  16 gnolls
  13 adders
  2 shadow imps
  5 white imps
  2 ufetubi (D:6)
  2 adder skeletons
  A ribbon worm (D:2)
  A dart slug (D:4)
  96 orcs
  11 endoplasms
  4 giant cockroaches
  26 goblins
  17 hobgoblins
  A jackal (D:4)
  15 kobolds
  A quokka (D:5)
  6 ball pythons
  3 bats
  3 frilled lizards
  A giant cockroach zombie (Crypt:2)
  A gnoll skeleton (Crypt:2)
  A quokka skeleton (Crypt:3)
  4 rats
  A rat skeleton (Crypt:2)
  An aspiring flesh (Zot:1)
  A fulminant prism (D:10)
  7 tentacles (Shoals:2)
2507 creatures vanquished.

Vanquished Creatures (collateral kills)
  A titan (Vaults:5)
  A tentacled starspawn (WizLab)
  A vault warden (Vaults:3)
  A deep elf death mage (Crypt:3)
  An ironbound frostheart (Vaults:3)
  A glowing orange brain (WizLab)
  A lindwurm (Vaults:3)
  A tarantella (Spider:4)
  A troll (Orc:2)
  An orc warrior (Bailey)
  A goblin (Bailey)
  A starspawn tentacle (WizLab)
12 creatures vanquished.

Vanquished Creatures (others)
  A lich (Depths:3)
  A draconian knight (Zot:3)
  A draconian scorcher (Zot:3)
  An ironbound preserver (Vaults:4)
  A steelbarb worm (Spider:2)
  An orc knight (Crypt:2)
  A redback (Spider:1)
  A bullfrog (D:7)
  A killer bee (Zot:2)
  176 foxfires
  20 fulminant prisms
  19 starspawn tentacles (WizLab)
  12 tentacles (Shoals:2)
236 creatures vanquished.

Grand Total: 2755 creatures vanquished

Notes
Turn   | Place    | Note
-------+----------+-------------------------------------------
     0 | D:1      | Gonzollydolly the Oni Alchemist began the quest for the
                  | Orb.
     0 | D:1      | Reached XP level 1. HP: 16/16 MP: 3/3
   317 | D:1      | Reached XP level 2. HP: 24/24 MP: 3/5
   866 | D:1      | Learned a level 2 spell: Mercury Vapours
   971 | D:2      | Found a glowing silver altar of Zin.
   979 | D:2      | Reached XP level 3. HP: 31/31 MP: 2/6
  1355 | D:2      | Reached skill level 1 in Air Magic
  1902 | D:3      | Found a glowing golden altar of the Shining One.
  1944 | D:3      | Reached XP level 4. HP: 30/39 MP: 1/7
  2204 | D:3      | Learned a level 3 spell: Mephitic Cloud
  2474 | D:3      | Reached XP level 5. HP: 45/45 MP: 5/8
  2762 | D:3      | Reached skill level 1 in Conjurations
  2779 | D:3      | Noticed Robin
  2791 | D:3      | Killed Robin
  3206 | D:3      | Reached skill level 1 in Short Blades
  3600 | D:4      | Reached XP level 6. HP: 53/53 MP: 10/10
  3808 | D:4      | Noticed Eustachio
  3811 | D:4      | Killed Eustachio
  3887 | D:4      | Noticed a black bear
  3899 | D:4      | Killed a black bear
  3900 | D:4      | Reached skill level 5 in Alchemy
  3900 | D:4      | Reached XP level 7. HP: 52/59 MP: 2/13
  4380 | D:4      | Learned a level 1 spell: Foxfire
  4418 | D:4      | Found a snail-covered altar of Cheibriados.
  4648 | D:5      | Entered Level 5 of the Dungeon
  4663 | D:5      | Reached skill level 1 in Fire Magic
  4817 | D:5      | Reached XP level 8. HP: 48/67 MP: 5/15
  4967 | D:5      | Reached skill level 5 in Spellcasting
  5198 | D:5      | Learned a level 4 spell: Olgreb's Toxic Radiance
  5920 | D:5      | Learned a level 4 spell: Sticky Flame
  6004 | D:6      | Noticed Blork the orc
  6010 | D:6      | Killed Blork the orc
  6077 | D:6      | Found a hide-covered altar of Uskayaw.
  6077 | D:6      | Noticed a +0 spear
  6077 | D:6      | Noticed a +0 falchion
  6077 | D:6      | Noticed a +0 short sword
  6078 | D:6      | Noticed a +0 dagger
  6079 | D:6      | Noticed a +0 dagger
  6079 | D:6      | Noticed a +0 spear
  6079 | D:6      | Noticed a +0 short sword
  6080 | D:6      | Noticed a +0 falchion
  6194 | D:6      | Reached XP level 9. HP: 74/74 MP: 9/17
  6465 | D:6      | Noticed Prince Ribbit
  6477 | D:6      | Killed Prince Ribbit
  6478 | D:6      | Reached skill level 5 in Fire Magic
  6508 | D:6      | Noticed Maggie
  6522 | D:6      | Killed Maggie
  6828 | D:6      | Found a staircase to the Ecumenical Temple.
  6845 | Temple   | Found a transporter.
  6845 | Temple   | Found a transporter.
  6845 | Temple   | Found a transporter.
  6845 | Temple   | Found a transporter.
  6845 | Temple   | Entered the Ecumenical Temple
  6857 | Temple   | Became a worshipper of Vehumet
  7113 | D:7      | Found Xegayd's Weapon Emporium.
  7454 | D:7      | Noticed a gargoyle
  7488 | D:7      | Reached XP level 10. HP: 80/81 MP: 13/20
  7630 | D:7      | Killed a gargoyle
  7658 | D:7      | Noticed a manticore
  7659 | D:7      | Noticed a gargoyle
  7666 | D:7      | Killed a gargoyle
  7680 | D:7      | Killed a manticore
  7961 | D:7      | Noticed a manticore
  7974 | D:7      | Reached * piety under Vehumet
  7974 | D:7      | Offered knowledge of Magic Dart by Vehumet.
  7979 | D:7      | Killed a manticore
  7982 | D:7      | Noticed a manticore
  7994 | D:7      | Killed a manticore
  8101 | D:7      | Identified the +2 chain mail of Abstinence {*Slow rElec
                  | rPois}
  8216 | D:7      | Identified the +1 robe of Poor Excuses {Rampage rElec
                  | Stlth+}
  8220 | D:7      | Noticed a manticore
  8230 | D:7      | Killed a manticore
  8513 | D:7      | Got the Precepts of Bombardment and Iniquitous Magic
  8559 | D:7      | Found a sacrificial altar of Ru.
  8589 | D:7      | Reached skill level 1 in Fighting
  8589 | D:7      | Reached skill level 1 in Maces & Flails
  8648 | D:7      | Learned a level 4 spell: Fulminant Prism
  8743 | D:7      | Found a basalt altar of Yredelemnul.
  9090 | D:8      | Reached XP level 11. HP: 93/93 MP: 6/23
  9390 | D:8      | Offered knowledge of Kiss of Death by Vehumet.
  9396 | D:8      | Reached ** piety under Vehumet
 10142 | D:9      | Found Qongaj's Weapon Emporium.
 10222 | D:9      | Offered knowledge of Scorch by Vehumet.
 10229 | D:9      | Reached skill level 5 in Conjurations
 10234 | D:9      | Reached skill level 5 in Maces & Flails
 10236 | D:9      | Reached *** piety under Vehumet
 10240 | D:9      | Learned a level 2 spell: Scorch
 10429 | D:9      | Found a staircase to the Orcish Mines.
 10441 | D:9      | Reached skill level 2 in Fighting
 10451 | D:9      | Found a flagged portal.
 10505 | Bailey   | Entered a bailey
 10696 | Bailey   | Offered knowledge of Hailstorm by Vehumet.
 10779 | Bailey   | Reached skill level 3 in Fighting
 11046 | Bailey   | Noticed an orc warlord
 11054 | Bailey   | Reached **** piety under Vehumet
 11055 | Bailey   | Reached skill level 4 in Fighting
 11059 | Bailey   | Killed an orc warlord
 11060 | Bailey   | Reached skill level 5 in Fighting
 11079 | Bailey   | Reached skill level 9 in Fighting
 11079 | Bailey   | Reached XP level 12. HP: 123/123 MP: 24/24
 11084 | Bailey   | Identified the ring "Safeca" {rElec rC+}
 11103 | Bailey   | Learned a level 4 spell: Flame Wave
 11156 | D:9      | Offered knowledge of Arcjolt by Vehumet.
 11436 | D:9      | Noticed Harold
 11446 | D:9      | Killed Harold
 11993 | D:10     | Entered Level 10 of the Dungeon
 12190 | D:10     | Found an iron altar of Okawaru.
 12483 | D:10     | Noticed a two-headed ogre
 12486 | D:10     | Killed a two-headed ogre
 12487 | D:10     | Reached XP level 13. HP: 109/131 MP: 19/25
 12873 | D:10     | Learned a level 5 spell: Arcjolt
 13737 | D:10     | Reached ***** piety under Vehumet
 13745 | D:10     | Offered knowledge of Iskenderun's Battlesphere by Vehumet.
 13746 | D:10     | Reached skill level 1 in Evocations
 14241 | D:11     | Got the Codex of Cloudy Glamour
 14345 | D:11     | Found a blossoming altar of Fedhas.
 14366 | D:11     | Found a staircase to the Lair.
 14790 | D:11     | Identified the blade talisman "Nicibied" {Dex+5}
 15362 | Orc:1    | Entered Level 1 of the Orcish Mines
 15391 | Orc:1    | Reached skill level 5 in Air Magic
 15479 | Orc:2    | Entered Level 2 of the Orcish Mines
 15479 | Orc:2    | Found a staircase to the Elven Halls.
 15542 | Lair:1   | Entered Level 1 of the Lair of Beasts
 16666 | Lair:1   | Reached XP level 14. HP: 140/140 MP: 22/27
 16858 | Lair:1   | Reached skill level 5 in Evocations
 17413 | Lair:2   | Noticed Gastronok
 18213 | Lair:2   | Killed Gastronok
 18421 | Lair:3   | Offered knowledge of Fireball by Vehumet.
 18623 | Lair:3   | Reached skill level 10 in Spellcasting
 19006 | Lair:3   | Reached skill level 10 in Conjurations
 19317 | Lair:3   | Learned a level 5 spell: Fireball
 19340 | Lair:3   | You fall into a shaft and drop 1 floor!
 20299 | Lair:3   | Found a hole to the Spider Nest.
 20963 | Lair:3   | Found a staircase to the Shoals.
 21409 | Lair:3   | Got Noraen's Textbook on Windy Graupel
 21728 | Lair:4   | Identified the +1 whip of Hatred {pain, *Rage rElec Will+
                  | Stlth+}
 21743 | Lair:4   | Identified the +0 rapier of Ruill {pain, rF+ Will+}
 22507 | Lair:5   | Entered Level 5 of the Lair of Beasts
 22733 | Lair:5   | Found a staircase to the Slime Pits.
 22921 | Lair:5   | Reached XP level 15. HP: 123/146 MP: 27/30
 23287 | Lair:5   | Offered knowledge of Freezing Cloud by Vehumet.
 23288 | Lair:5   | Reached skill level 5 in Stealth
 23700 | Lair:5   | Learned a level 5 spell: Freezing Cloud
 26423 | Lair:5   | Identified the staff of the Scavenger {rF- Dex+2 Hexes
                  | Necro Earth}
 27628 | Orc:2    | Found Nimiege's Self-Improvement Boutique.
 28165 | Orc:2    | Offered knowledge of Irradiate by Vehumet.
 28208 | Orc:2    | Learned a level 5 spell: Irradiate
 28256 | Orc:2    | Reached skill level 1 in Armour
 28371 | Orc:2    | Noticed an orc warlord
 28379 | Orc:2    | Noticed an orc warlord
 28508 | Orc:2    | Reached XP level 16. HP: 117/156 MP: 25/31
 28897 | Orc:2    | Found Baciss's Jewellery Shop.
 28905 | Orc:2    | Found Ciwn's Antique Weapon Shop.
 28912 | Orc:2    | Bought an amulet of regeneration for 450 gold pieces
 28943 | Orc:2    | Found Qovonk's Armour Shoppe.
 28971 | Orc:2    | Found Pot Gahi's Weapon Boutique.
 29702 | Orc:2    | Noticed Maurice
 29708 | Orc:2    | Killed Maurice
 29959 | Orc:2    | Bought a manual of Conjurations for 1200 gold pieces
 30087 | D:12     | Found the +3 salamander hide armour {Flames, rFlCloud rF++
                  | rC--}
 30144 | D:12     | Noticed Sonja
 30154 | D:12     | Killed Sonja
 30300 | D:12     | Reached skill level 5 in Armour
 30351 | D:12     | Found Qeeddyga's Book Boutique.
 31072 | D:13     | Found a gate leading to a gauntlet.
 31088 | Gauntlet | Entered a Gauntlet
 31088 | Gauntlet | Found a transporter.
 31088 | Gauntlet | Found a transporter.
 31093 | Gauntlet | Found a transporter.
 31094 | Gauntlet | Found a transporter.
 31094 | Gauntlet | Found a transporter.
 31094 | Gauntlet | Found a transporter.
 31116 | Gauntlet | Found a runed translucent door.
 31120 | Gauntlet | Found a runed translucent door.
 31123 | Gauntlet | Found a transporter.
 31127 | Gauntlet | Found a transporter.
 31135 | Gauntlet | Found a transporter.
 31151 | Gauntlet | Found a transporter.
 31164 | Gauntlet | Found a transporter.
 31183 | Gauntlet | Found a transporter.
 31196 | Gauntlet | Found a runed translucent door.
 31458 | Gauntlet | Identified the +0 robe of Hedge Wizardry {rElec rF- rC+++
                  | Int+3 Stlth-}
 31458 | Gauntlet | Identified the +2 ring mail of the Morning Star {rPois rC+
                  | Slay-5}
 31458 | Gauntlet | Identified the +1 chain mail "Geigodar" {Rampage Str+2
                  | Int-4}
 31706 | D:13     | Noticed Josephine
 31763 | D:13     | Killed Josephine
 31837 | D:13     | Reached skill level 15 in Conjurations
 32034 | D:13     | Offered knowledge of Bombard by Vehumet.
 32102 | D:13     | Noticed Lodul
 32114 | D:13     | Killed Lodul
 32795 | D:14     | Noticed Nessos
 32815 | D:14     | Killed Nessos
 33458 | D:14     | Found a gate to the Vaults.
 34260 | D:15     | Entered Level 15 of the Dungeon
 34264 | D:15     | Reached XP level 17. HP: 159/163 MP: 34/34
 34280 | D:15     | Learned a level 6 spell: Bombard
 34405 | D:15     | Found a staircase to the Depths.
 34476 | D:15     | Reached skill level 1 in Shields
 34477 | D:15     | Reached skill level 1 in Earth Magic
 35313 | D:15     | Found a shimmering blue altar of Sif Muna.
 35709 | Spider:1 | Entered Level 1 of the Spider Nest
 35786 | Spider:1 | Noticed Azrael
 35803 | Spider:1 | Offered knowledge of Ozocubu's Refrigeration by Vehumet.
 35928 | Spider:1 | Killed Azrael
 36254 | Spider:1 | Reached skill level 5 in Shields
 36254 | Spider:1 | Reached skill level 5 in Earth Magic
 36602 | Spider:1 | Noticed Roxanne
 38160 | Spider:2 | Offered knowledge of Lehudib's Crystal Spear by Vehumet.
 39295 | Spider:3 | Reached XP level 18. HP: 43/171 MP: 25/36
 41207 | Spider:4 | Entered Level 4 of the Spider Nest
 41336 | Shoals:1 | Entered Level 1 of the Shoals
 41402 | Shoals:1 | Found a flickering gateway to a bazaar.
 41437 | Bazaar   | Entered a bazaar
 41508 | Bazaar   | Found Guschusea's Antique Armour Shop.
 41528 | Bazaar   | Found Muistegu's Book Shop.
 41563 | Bazaar   | Bought a book of Armaments for 432 gold pieces
 41573 | Bazaar   | Bought the Unrestrained Analects for 528 gold pieces
 41573 | Bazaar   | Bought a book of Storms for 312 gold pieces
 42412 | Shoals:2 | Found Fuont's Antique Weapon Boutique.
 42606 | Shoals:2 | Noticed Glennnyy's ghost (adept GrFi)
 42606 | Shoals:2 | Found the ring of the Octopus King
 42608 | Shoals:2 | Found a transporter.
 42616 | Shoals:2 | Found a transporter.
 42985 | Shoals:2 | Reached skill level 10 in Shields
 43025 | Shoals:2 | Reached skill level 10 in Earth Magic
 43226 | Shoals:2 | Reached ****** piety under Vehumet
 43412 | Shoals:2 | Found Hucvuri's General Store.
 43827 | Shoals:2 | Reached skill level 10 in Fighting
 43869 | Shoals:2 | Identified the ring of Jeuggir {rC++ Will- MP+9 Dex+6 SInv}
 44132 | Shoals:2 | Reached skill level 5 in Dodging
 44487 | Shoals:3 | Noticed Ilsuiw
 44498 | Shoals:3 | Identified the serpent talisman "Voeruq" {Int+4}
 44498 | Shoals:3 | Noticed Aizul
 44501 | Shoals:3 | Killed Ilsuiw
 44507 | Shoals:3 | Killed Aizul
 44509 | Shoals:3 | Reached XP level 19. HP: 129/184 MP: 18/37
 44599 | Shoals:3 | Reached skill level 11 in Fighting
 45101 | Shoals:2 | Bought a scroll of butterflies for 68 gold pieces
 45101 | Shoals:2 | Bought a scroll of fog for 68 gold pieces
 45101 | Shoals:2 | Bought a book of Spontaneous Combustion for 646 gold pieces
 45111 | Shoals:4 | Entered Level 4 of the Shoals
 45121 | Shoals:4 | Offered knowledge of Shatter by Vehumet.
 45121 | Shoals:4 | Offered knowledge of Chain Lightning by Vehumet.
 45121 | Shoals:4 | Offered knowledge of Polar Vortex by Vehumet.
 45531 | Shoals:4 | Reached skill level 12 in Fighting
 45737 | Shoals:4 | Identified the +8 morningstar of Spite {pain, Str+3 Dex+3}
 46121 | Shoals:4 | Got a barnacled rune of Zot
 46240 | Shoals:4 | Reached skill level 13 in Fighting
 47171 | Vaults:1 | Entered Level 1 of the Vaults
 47366 | Vaults:1 | Identified the +8 orcbow of In Flagrante Delicto {drain,
                  | rF+ Will+ Int+4}
 48107 | Vaults:1 | Reached skill level 14 in Fighting
 48482 | Vaults:1 | Reached skill level 15 in Spellcasting
 48513 | Vaults:1 | Identified the +1 ring mail of Bitterness {Dex+5 Stlth+}
 49083 | Vaults:1 | Reached skill level 15 in Fighting
 49222 | Vaults:1 | Reached XP level 20. HP: 196/210 MP: 22/39
 49357 | Vaults:1 | Learned a level 7 spell: Orb of Destruction
 53198 | Vaults:3 | Found a staircase to the Crypt.
 53443 | Vaults:3 | Reached skill level 16 in Fighting
 53590 | Vaults:3 | Noticed a golden dragon
 53597 | Vaults:3 | Killed a golden dragon
 53643 | Vaults:3 | Identified the +4 triple sword "Xihum" {flame, rF- rC+
                  | Int+2 SInv}
 54325 | Vaults:3 | Found the -2 hat of the Alchemist {rElec rPois rF+ rC+ rN+
                  | Will+ rMut rCorr}
 54419 | Vaults:3 | Noticed Norris
 54439 | Vaults:3 | Killed Norris
 54561 | Vaults:3 | Reached XP level 21. HP: 197/222 MP: 15/41
 54889 | Vaults:3 | Reached skill level 10 in Maces & Flails
 55831 | Vaults:3 | Identified the +4 mace "Noasm" {holy, *Rage MP+9 Str-3
                  | Int+7}
 56242 | Orc:2    | Bought a manual of Evocations for 1200 gold pieces
 56948 | Shoals:2 | Got Muixzulo's Elucidation of Mad Ravings
 57076 | Shoals:2 | Upgraded the game from 0.31.0-4-g52a2dc7128 to
                  | 0.31.0-7-gf635a9b802
 57419 | Vaults:4 | Found Fasej's General Store.
 57464 | Vaults:4 | Found a magical portal.
 57474 | WizLab   | Entered Lehudib's Moon Base
 57640 | WizLab   | Gained mutation: You occasionally shout uncontrollably at
                  | your foes. [a neqoxec]
 57734 | WizLab   | Found a transporter.
 60217 | WizLab   | Found a transporter.
 60629 | WizLab   | Identified a scroll of acquirement
 60631 | WizLab   | Got the Quarto of the Dynamic Mob
 60702 | Vaults:4 | Acquired 769 gold pieces
 60907 | Vaults:4 | Bought a scroll of acquirement for 728 gold pieces
 60907 | Vaults:4 | Acquired 1009 gold pieces
 61239 | Vaults:4 | Reached skill level 10 in Evocations
 62431 | Vaults:4 | Reached XP level 22. HP: 191/232 MP: 27/42
 62852 | Orc:2    | Bought a manual of Maces & Flails for 1200 gold pieces
 64473 | Vaults:4 | Upgraded the game from 0.31.0-7-gf635a9b802 to
                  | 0.31.0-9-g3a7656b989
 65037 | Orc:2    | Learned a level 4 spell: Iskenderun's Mystic Blast
 65038 | Elf:1    | Entered Level 1 of the Elven Halls
 65055 | Elf:1    | Reached skill level 1 in Translocations
 65558 | Elf:1    | Acquired a staff of conjuration
 65599 | Elf:1    | Found Ubbodex's Distillery.
 65599 | Elf:1    | Found Gyxkuji's General Store.
 65601 | Elf:1    | Found Kohucsa's Armour Emporium.
 65602 | Elf:1    | Found Qodwotam's Jewellery Shoppe.
 65738 | Elf:1    | Paralysed by an air elemental for 1 turns
 65779 | Elf:1    | Reached skill level 1 in Staves
 65920 | Elf:1    | Found Eduopoze's Mass Market.
 66301 | Elf:2    | Acquired 1040 gold pieces
 66597 | Elf:2    | Found a runed translucent gate.
 66597 | Elf:2    | Found a runed translucent gate.
 66597 | Elf:2    | Found a runed translucent gate.
 66767 | Elf:2    | Noticed Donald
 66773 | Elf:2    | Killed Donald
 67086 | Elf:3    | Entered Level 3 of the Elven Halls
 67212 | Elf:3    | Found Vocumm's General Store.
 67977 | Elf:3    | Reached skill level 5 in Translocations
 68392 | Elf:3    | Identified the +5 lajatang "Oni's Foe" {drain, rPois rN+}
 68392 | Elf:3    | Identified the ring "Bonoklil" {^Contam rPois rCorr AC+4
                  | Str+9}
 68402 | Elf:3    | Identified the +10 flail of Magnificence {drain, Str+3}
 68402 | Elf:3    | Identified the +4 robe of Discretion {Dex+4}
 68713 | Elf:3    | Identified the ring "Boystat" {rPois Will+ EV+5 Str+2}
 68897 | Elf:3    | Identified the staff "Ihulauss" {Will+ Str+4 Conj}
 69003 | Elf:3    | Identified the +5 orcbow "Tota" {elec, *Slow rC++ Will++}
 69644 | Shoals:2 | Bought a +5 morningstar of holy wrath for 581 gold pieces
 69987 | Crypt:1  | Entered Level 1 of the Crypt
 70010 | Vaults:3 | Reached skill level 5 in Staves
 70204 | Crypt:1  | Reached XP level 23. HP: 240/240 MP: 38/43
 70469 | Crypt:1  | Noticed Vv
 70488 | Crypt:1  | Killed Vv
 70489 | Crypt:1  | Reached skill level 15 in Maces & Flails
 71262 | Crypt:1  | Reached skill level 10 in Fire Magic
 72398 | Crypt:1  | Found a basalt altar of Yredelemnul.
 72598 | Crypt:2  | Noticed Saint Roka
 72627 | Crypt:2  | Killed Saint Roka
 73406 | Crypt:2  | Upgraded the game from 0.31.0-9-g3a7656b989 to
                  | 0.31.0-10-gcf4a605ca0
 73431 | Crypt:3  | Entered Level 3 of the Crypt
 73440 | Crypt:2  | Reached skill level 17 in Fighting
 73927 | Shoals:2 | Killed Glennnyy's ghost
 73946 | Shoals:2 | Identified a ring of the Octopus King {rN+ HP+2 AC+2 EV+2
                  | SH+2}
 75744 | Spider:4 | Reached skill level 18 in Fighting
 76246 | Spider:4 | Got a gossamer rune of Zot
 76688 | D:13     | Learned a level 6 spell: Starburst
 77337 | Crypt:3  | Reached skill level 10 in Stealth
 77523 | Crypt:3  | Reached XP level 24. HP: 250/256 MP: 5/45
 78252 | Crypt:3  | Identified the ring of the Kappa {rF+ Dex+3}
 78378 | Crypt:3  | Identified the amulet "Jaodacu" {Spirit Str+5 Dex-3}
 78614 | Crypt:3  | Found a basalt altar of Yredelemnul.
 78616 | Crypt:3  | Noticed a royal mummy
 78622 | Crypt:3  | Killed a royal mummy
 78731 | Crypt:3  | Found an ancient bone altar of Kikubaaqudgha.
 78776 | Crypt:3  | Got the Monograph on the Throng and Maleficia
 78783 | Crypt:3  | Got the Reference Book on Cadavers
 78917 | Crypt:3  | Found a staircase to the Tomb.
 78995 | Crypt:3  | Upgraded the game from 0.31.0-10-gcf4a605ca0 to
                  | 0.31.0-11-ge490571c62
 79416 | Shoals:2 | Bought quicksilver dragon scales for 1020 gold pieces
 79667 | Depths:1 | Entered Level 1 of the Depths
 79698 | Depths:1 | Noticed Bai Suzhen
 79698 | Depths:1 | Noticed Mara
 79704 | Depths:1 | Noticed Gonzollydolly's illusion
 79718 | Depths:1 | Killed Mara
 79718 | Depths:1 | Killed Bai Suzhen
 79937 | Depths:1 | Found a gateway to Hell.
 80063 | Depths:1 | Found an ornate altar of the Wu Jian Council.
 80290 | Depths:1 | Found a one-way gate leading to the halls of Pandemonium.
 80430 | Depths:1 | Noticed Nikola
 80439 | Depths:1 | Killed Nikola
 81350 | Depths:2 | Found a one-way gate to the infinite horrors of the Abyss.
 81838 | Depths:2 | Found a one-way gateway to a ziggurat.
 81889 | Depths:2 | Found an opulent altar of Gozag.
 83649 | Depths:3 | Found an ancient bone altar of Kikubaaqudgha.
 83649 | Depths:3 | Found a basalt altar of Yredelemnul.
 83649 | Depths:3 | Found a shimmering altar of Xom.
 83993 | Depths:3 | Gained mutation: You occasionally lose the ability to read
                  | scrolls when taking damage. [a cacodemon]
 84206 | Depths:3 | Paralysed by a guardian mummy for 1 turns
 84741 | Depths:3 | Reached skill level 10 in Dodging
 84741 | Depths:3 | Identified the +1 chain mail "Ahomon" {+Blink rCorr}
 84964 | Depths:3 | Reached XP level 25. HP: 115/250 MP: 31/45
 85076 | Depths:3 | Found a shimmering altar of Xom.
 85209 | Depths:3 | Got Xom's Octavo of Hubris
 85557 | Depths:3 | Reached skill level 10 in Armour
 86052 | Vaults:4 | Lost mutation: You occasionally lose the ability to read
                  | scrolls when taking damage. [potion of mutation]
 86052 | Vaults:4 | Lost mutation: You occasionally shout uncontrollably at
                  | your foes. [potion of mutation]
 86052 | Vaults:4 | Gained mutation: You have hidden genetic potential. [potion
                  | of mutation]
 86052 | Vaults:4 | Gained mutation: Your health recovers twice as slowly from
                  | being drained. [potion of mutation]
 86052 | Vaults:4 | Gained mutation: You are covered in fur. (AC +1) [potion of
                  | mutation]
 86321 | Depths:4 | Entered Level 4 of the Depths
 86552 | Depths:4 | Noticed Mennas
 87128 | Depths:4 | Noticed Parghit
 87542 | Depths:4 | Killed Parghit
 88059 | Depths:4 | Found a gate to the Realm of Zot.
 88385 | Depths:4 | Learned a level 8 spell: Lehudib's Crystal Spear
 88479 | Depths:4 | Killed Mennas
 89055 | Depths:3 | Found Heinas's Jewellery Shop.
 89665 | Vaults:5 | Entered Level 5 of the Vaults
 89665 | Vaults:5 | Noticed a dread lich
 90056 | Vaults:5 | Identified the +0 robe of Budytyhob {Fly rF+ rC+ Will+}
 90369 | Vaults:5 | Identified the staff of the Morning {Str+4 Earth}
 90432 | Vaults:5 | Identified the ring of Knowledge {AC+4 Dex+4 Slay+2}
 90440 | Vaults:5 | Identified the +9 flail of the Lurker {flame, ^Drain rElec
                  | Str+6 Int+3}
 90621 | Vaults:5 | Reached XP level 26. HP: 262/270 MP: 11/45
 90998 | Vaults:5 | Gained mutation: You expend magic power (3 MP) to
                  | strengthen your wands. [hidden potential]
 91126 | Vaults:5 | Reached skill level 15 in Earth Magic
 92296 | Vaults:5 | Killed a dread lich
 92967 | Vaults:5 | Noticed a dread lich
 92974 | Vaults:5 | Killed a dread lich
 93129 | Vaults:5 | Got a silver rune of Zot
 94932 | Zot:1    | Entered Level 1 of the Realm of Zot
 97637 | Zot:2    | Noticed an orb of fire
 97645 | Zot:2    | Killed an orb of fire
 98225 | Zot:2    | Noticed an orb of fire
 98233 | Zot:2    | Reached XP level 27. HP: 244/282 MP: 36/45
 98371 | Zot:2    | Killed an orb of fire
100448 | Zot:3    | Reached skill level 19 in Fighting
100486 | Zot:3    | Gained mutation: You have supernaturally acute eyesight.
                  | (SInv) [mutagenic glow]
102111 | Zot:4    | Reached skill level 20 in Fighting
102459 | Zot:5    | Entered Level 5 of the Realm of Zot
103814 | Zot:5    | Noticed a dread lich
103814 | Zot:5    | Noticed an orb of fire
103814 | Zot:5    | Gained mutation: Your magical capacity is low. (-10% MP)
                  | [an orb of fire]
103827 | Zot:5    | Killed an orb of fire
103828 | Zot:5    | Reached skill level 21 in Fighting
103883 | Zot:5    | Noticed an orb of fire
103888 | Zot:5    | Killed an orb of fire
103893 | Zot:5    | Killed a dread lich
104105 | Zot:5    | Noticed an orb of fire
104117 | Zot:5    | Killed an orb of fire
104134 | Zot:5    | Noticed an orb of fire
104452 | Zot:5    | Gained mutation: You occasionally lose the ability to drink
                  | potions when taking damage. [an orb of fire]
104453 | Zot:5    | Killed an orb of fire
104491 | Zot:4    | Lost mutation: You have supernaturally acute eyesight.
                  | (SInv) [potion of mutation]
104491 | Zot:4    | Lost mutation: You expend magic power (3 MP) to strengthen
                  | your wands. [potion of mutation]
104491 | Zot:4    | Gained mutation: You are partially covered in iridescent
                  | scales. (AC +2) [potion of mutation]
104491 | Zot:4    | Gained mutation: Your movements are slightly less
                  | encumbered by armour. (ER -2) [potion of mutation]
104492 | Zot:4    | Lost mutation: You have hidden genetic potential. [potion
                  | of mutation]
104492 | Zot:4    | Lost mutation: You occasionally lose the ability to drink
                  | potions when taking damage. [potion of mutation]
104492 | Zot:4    | Lost mutation: Your health recovers twice as slowly from
                  | being drained. [potion of mutation]
104492 | Zot:4    | Gained mutation: You have sharp toenails. [potion of
                  | mutation]
104492 | Zot:4    | Gained mutation: Your body sometimes deteriorates upon
                  | taking damage. [potion of mutation]
104492 | Zot:4    | Gained mutation: Your flesh is heat resistant. (rF+)
                  | [potion of mutation]
104677 | Zot:5    | Noticed an orb of fire
104685 | Zot:5    | Killed an orb of fire
104856 | Zot:5    | Reached skill level 22 in Fighting
105049 | Zot:5    | Noticed a dread lich
105054 | Zot:5    | Killed a dread lich
105449 | Zot:5    | Noticed an orb of fire
105452 | Zot:5    | Killed an orb of fire
105584 | Zot:5    | Got the Orb of Zot
105634 | Zot:5    | Noticed a seraph
105765 | Zot:1    | Noticed Higugh the pandemonium lord
106004 | D:10     | Noticed Wamefe the pandemonium lord
106130 | D:4      | Reached skill level 23 in Fighting
106195 | D:1      | Noticed Taekes the pandemonium lord
106224 | D:$      | Escaped with the Orb!

Illustrated notes

Levels and vault maps discovered:
D:1:      psy_arrival_whirlpool, layout_basic
D:2:      layout_basic, basic_altar
D:3:      layout_loops_corners, mainiacjoe_overflow_small_starburst,
          minmay_checkerbox, uniq_robin
D:4:      cheibrodos_thug_alley, layout_loops_ring, slow_altar_2,
          minmay_quantized, uniq_eustachio
D:5:      minmay_general_purpose_star, layout_basic, serial_bayou_pond_b
D:6:      layout_loops_ring, nicolae_uskayaw_en_pointe,
          minmay_temple_entry_gardened_gates, uniq_maggie, uniq_blork_the_orc,
          uniq_prince_ribbit1
D:7:      minmay_the_grid_octo_2x2 [minmay_the_grid_octo_concentric,
          minmay_the_grid_octo_chip, minmay_the_grid_octo_vomiting_pacman,
          minmay_the_grid_octo_prize_ultimate_mussel_roller], layout_rooms,
          mainiacjoe_overflow_24_doors, serial_shops, shop, minmay_nine_imps
D:8:      layout_basic
D:9:      layout_cave_pods, erik_orc_4, serial_shops, shop, enter_bailey_1,
          minivault_10, minmay_crystal_water, uniq_harold
D:10:     hangedman_cross_veins, layout_stronghold, okawaru_humans,
          serial_column_ruins, column_ruins_hut, column_ruins_corridor_corner,
          column_ruins_columns_straight, column_ruins_open_tiny,
          column_ruins_open_large, column_ruins_open_medium
D:11:     layout_basic, lair_entry_dummy, fedhas_bush_and_centaur_altar
D:12:     layout_cave_pods, serial_shops, shop, minmay_mirror_moons_of_madness,
          uniq_sonja
D:13:     nicolae_cairo_tiling, layout_irregular_city, gauntlet_entry_generic,
          kennysheep_cross_room, uniq_josephine, uniq_lodul
D:14:     layout_long_grid, hellmonk_vaults_order_and_chaos, serial_park_tiny_2,
          kennysheep_generic_room_5, uniq_nessos
D:15:     gammafunk_depths_entry_grave, layout_stronghold, led_sif_pool
Temple:   hellmonk_temple_divided_pantheon
Lair:1:   layout_regular_city, minmay_hedge_maze, grunt_megastairs_4,
          serial_bayou_shore_b
Lair:2:   layout_roguey, special_room [special_room_bee], grunt_megastairs_5,
          uniq_gastronok
Lair:3:   dreamdust_isle_of_ice, layout_regular_city,
          mainiacjoe_shoals_entry_four_pools, spider_nest_entry_rubble,
          grunt_megastairs_2, infiniplex_staircase_pool_2
Lair:4:   layout_regular_city, serial_bayou_shore_b
Lair:5:   due_jungle_book, layout_big_grid, nicolae_slime_entry_slimehenge,
          columned_hall_lemuel
Shoals:1: layout_shoals, serial_shops, bzr_entry_dummy
Shoals:2: dreamdust_from_the_deep, layout_shoals, ebering_ghost_davey_jones,
          serial_shops, shop, nicolae_take_the_stairs,
          nicolae_shoals_former_cling_halls
Shoals:3: layout_shoals, uniq_aizul, uniq_ilsuiw
Shoals:4: shoals_end_hangedman, layout_shoals, shoal_ilsuiw
Spider:1: layout_chambers, uniq_azrael, uniq_roxanne
Spider:2: layout_cave_pods, nicolae_spider_not_touching_you
Spider:3: layout_spider_delve, nicolae_spider_shape,
          hangedman_spider_tarantella_strand
Spider:4: grunt_spider_rune_parallel, nicolae_orb_island
Orc:1:    layout_caves, serial_shops
Orc:2:    hellmonk_orc_salted, layout_caves, nicolae_shop_self_help,
          uniq_maurice
Elf:1:    minmay_elf_arrival_circle, layout_geoelf_octagon, minmay_elf_sorcery,
          minmay_shop_mass, minmay_shoptagon
Elf:2:    nicolae_elf_blades_splatter_lattice [mumra_blade_entry_dagger],
          layout_gridlike, drop_trap, uniq_donald
Elf:3:    minmay_elf_hall_not_hex, layout_onion_city, serial_shops,
          nicolae_shop_tiny_waterfront, nicolae_elf_deep_friendship
Vaults:1: hangedman_vaults_unwind, ontoclasm_vaults_ring_large,
          hangedman_vaults_stretched_pinwheel, ontoclasm_vaults_eye, v_misc_26,
          vaults_room_door_hall, nicolae_vaults_weapon_check,
          ontoclasm_vaults_spin, ontoclasm_vaults_pinch,
          vaults_dpeg_encased_lava, nicolae_vaults_shipping_containers_2,
          nicolae_vaults_tetromino_L_1, layout_vaults_omnicross
Vaults:2: v_misc_3, vaults_dpeg_cross, nicolae_vaults_mitosis,
          nicolae_vaults_storage_room_statues, grunt_vaults_bifocal,
          nicolae_vaults_little_squares_2, v_rooms_4, nicolae_vaults_house_3,
          layout_vaults_quadrants
Vaults:3: blue_anna_dwarven_crypt, nicolae_vaults_tangent_ellipses, v_rooms_4,
          nicolae_vaults_network_periphery, vaults_dpeg_spiral, v_alt_pattern_4,
          vaults_mumra_hex, nicolae_vaults_network_quinsquares
          [nicolae_vaults_network_quincunx_subvault,
          nicolae_vaults_network_quincunx_subvault,
          nicolae_vaults_network_quincunx_subvault,
          nicolae_vaults_network_quincunx_subvault], dpeg_vaults_monster_box,
          nicolae_vaults_closet_pinwheel_5, hangedman_vaults_corner_blocks,
          layout_vaults_maze, uniq_norris
Vaults:4: infiniplex_enter_wizlab_spiral, v_misc_4, v_misc_2, v_rooms_1,
          nicolae_vaults_house_3, dpeg_vaults_monster_row,
          hangedman_vaults_cutoff, nicolae_vaults_house_1,
          layout_vaults_chaotic_city, serial_shops, nicolae_shop_waterfront
Vaults:5
Crypt:1:  layout_catacombs, minivault_23, lemuel_upstairs_altar, uniq_vv
Crypt:2:  statuecave_lemuel, layout_rooms, palyth_stone_intersect,
          uniq_saint_roka
Crypt:3:  lightli_unholy_cathedral, layout_chaotic_city,
          nicolae_tomb_entry_unfolded_pyramid_orthogonal, grunt_ministairs_2,
          corner_web_ring
Depths:1: layout_roguey, pan_entry, minmay_misc_feat_four_crosses,
          lightli_too_deep, st_stairs_6, minmay_misc_feat_enclosed,
          nzn_wu_jian_council_hall, uniq_bai_suzhen, uniq_mara, uniq_nikola
Depths:2: wad_mega_maze, layout_basic, enter_ziggurat_b, pan_entry,
          nicolae_gozag_cash_rules_everything_around_me,
          nicolae_abyss_entry_one_way_or_another, hell_entry, serial_sigils,
          serial_sigils_hangedman_writhe, serial_sigils_hangedman_scratch,
          serial_sigils_hangedman_quiver, uniq_josephina
Depths:3: skrybe_chaotic_catacombs, layout_small_grid, serial_shops,
          nicolae_shop_tiny_glass, abyss_entry, hell_entry,
          chequers_serial_rivers_marsh
Depths:4: evilmike_zot_entry_argh, layout_basic, grunt_pan_entry_sceptre,
          fountainhead, hangedman_abyss_entry_splay,
          pf_vacation_house_of_asmodeus, uniq_parghit, uniq_mennas
Zot:1:    nicolae_moth_party, layout_basic, regret_index_zotdec_banners
Zot:2:    grunt_deathspiral_small, layout_concentric_octagons
Zot:3:    kennysheep_blocky_room, layout_misc_corridors,
          regret_index_zotdec_onion_hex, grunt_ministairs_15, hellmonk_body_bag
Zot:4:    layout_twisted_circle, regret_index_zotdec_decaying_vile,
          hangedman_zot_decor_unnerving_road, grunt_megastairs_3
Zot:5:    layout_basic, hangedman_zot_decor_slant

Skill      XL: |  1  2  3  4  5  6  7  8  9 10 11 12 13 14 15 16 17 18 19 20 21 22 23 24 25 26 27 |
---------------+----------------------------------------------------------------------------------+-----
Alchemy        | 3 4 5 7 8 9 |  9.7
Air Magic      | 1 2 6 7 |  7.9
Conjurations   | 1 2 3 8 9 11 13 15 16 17 18 20 | 20.6
Short Blades   | 1 |  1.1
Spellcasting   | 3 4 5 7 8 9 11 13 14 15 16 18 22 | 22.4
Fire Magic     | 2 4 6 8 9 10 12 | 12.0
Fighting       | 1 9 10 15 16 18 23 | 23.0
Maces & Flails | 2 5 6 8 9 10 14 15 | 15.6
Dodging        | 3 4 5 7 10 | 10.0
Evocations     | 4 6 11 13 | 13.1
Stealth        | 3 8 10 11 | 11.3
Armour         | 2 6 8 9 11 | 11.0
Shields        | 7 10 12 | 12.0
Earth Magic    | 7 10 12 14 16 17 | 17.5
Translocations | 6 |  6.0
Staves         | 5 6 |  6.4

Action                     |  1- 3 |  4- 6 |  7- 9 | 10-12 | 13-15 | 16-18 | 19-21 | 22-24 | 25-27 || total
---------------------------+-------+-------+-------+-------+-------+-------+-------+-------+-------++-------
  Melee: Unarmed           |     7 |       |       |       |       |       |       |       |       ||     7
         Mace              |     6 |       |       |       |       |       |       |       |       ||     6
         Headbutt          |     2 |     8 |    34 |    40 |   153 |   156 |   219 |   240 |   189 ||  1041
         Short sword       |     9 |    92 |   112 |       |       |       |       |       |       ||   213
         Punch             |       |     2 |     2 |     4 |    15 |       |       |       |       ||    23
         Whip              |       |       |    42 |    94 |   537 |   519 |   620 |    38 |       ||  1850
         Spear             |       |       |       |   116 |       |       |       |       |       ||   116
         Quarterstaff      |       |       |       |    14 |       |       |       |       |       ||    14
         Morningstar       |       |       |       |     3 |       |       |       |   447 |       ||   450
         Staff             |       |       |       |       |       |       |       |   261 |   583 ||   844
         Kick              |       |       |       |       |       |       |       |       |     5 ||     5
  Throw: Stone             |     1 |     4 |       |       |       |       |       |       |       ||     5
         Dart              |       |       |       |       |     2 |     5 |     1 |     1 |       ||     9
         Throwing net      |       |       |       |       |     1 |     4 |     1 |     3 |       ||     9
   Cast: Sting             |    38 |    37 |    78 |     5 |       |       |       |       |       ||   158
         Mercury Vapours   |     2 |     6 |     9 |     4 |     1 |       |       |       |       ||    22
         Mephitic Cloud    |       |     1 |    22 |     9 |    33 |    57 |    35 |    22 |     3 ||   182
         Foxfire           |       |       |    37 |    26 |    36 |     4 |     1 |       |       ||   104
         Sticky Flame      |       |       |     6 |    25 |   144 |   117 |    58 |    24 |     8 ||   382
         Olgreb's Toxic Ra |       |       |     4 |    55 |   213 |   266 |    82 |    86 |       ||   706
         Fulminant Prism   |       |       |       |    15 |     5 |     1 |       |       |       ||    21
         Scorch            |       |       |       |     4 |    33 |    12 |       |       |       ||    49
         Flame Wave        |       |       |       |     1 |    19 |     9 |     5 |     3 |       ||    37
         Fireball          |       |       |       |       |    24 |   108 |    46 |    27 |    22 ||   227
         Arcjolt           |       |       |       |       |     5 |       |       |       |       ||     5
         Freezing Cloud    |       |       |       |       |       |    34 |    72 |    37 |    48 ||   191
         Irradiate         |       |       |       |       |       |    30 |    38 |    22 |    35 ||   125
         Bombard           |       |       |       |       |       |    20 |   317 |   372 |   314 ||  1023
         Orb of Destructio |       |       |       |       |       |       |    27 |    77 |   141 ||   245
         Iskenderun's Myst |       |       |       |       |       |       |       |    23 |     8 ||    31
         Starburst         |       |       |       |       |       |       |       |    28 |   100 ||   128
         Lehudib's Crystal |       |       |       |       |       |       |       |       |   155 ||   155
  Evoke: Lightning rod     |       |     3 |     4 |     6 |     4 |    18 |    13 |    11 |    17 ||    76
         Wand              |       |       |     6 |     3 |     3 |    24 |    19 |    20 |    56 ||   131
         Phantom mirror    |       |       |       |     1 |       |     2 |     2 |     1 |     2 ||     8
         Condenser vane    |       |       |       |       |       |     3 |     1 |     1 |       ||     5
         Sack of spiders   |       |       |       |       |       |       |     2 |     2 |     2 ||     6
         Phial of floods   |       |       |       |       |       |       |       |     1 |       ||     1
    Use: Scroll            |       |     9 |     4 |     7 |    15 |    13 |     5 |     7 |    24 ||    84
         Potion            |       |       |     1 |     5 |     2 |     7 |     5 |     9 |    16 ||    45
   Stab: Sleeping          |     1 |     2 |       |       |       |       |       |       |       ||     3
         Confused          |       |       |     3 |     3 |     4 |     6 |     9 |     3 |       ||    28
         Petrified         |       |       |       |       |     1 |       |       |       |       ||     1
         Held in net/web   |       |       |       |       |     1 |       |       |     2 |       ||     3
         Distracted        |       |       |       |       |       |       |       |     4 |       ||     4
 Armour: Robe              |    17 |    23 |    17 |       |       |       |       |       |       ||    57
         Animal skin       |       |    34 |    50 |       |       |       |       |       |       ||    84
         Acid dragon scale |       |       |    56 |   272 |   557 |   699 |   669 |   507 |       ||  2760
         Skin              |       |       |       |    17 |       |       |       |       |       ||    17
         Quicksilver drago |       |       |       |       |       |       |       |   121 |   113 ||   234
         Fire dragon scale |       |       |       |       |       |       |       |       |   597 ||   597
  Dodge: Dodged            |     9 |    33 |    59 |   114 |   265 |   254 |   198 |   298 |   308 ||  1538
  Block: Kite shield       |       |       |       |       |       |   100 |   343 |   414 |   301 ||  1158
